 Dungeon Crawl Stone Soup version 0.28-a0-48-gfd831c5874 (webtiles) character file.

Game seed: 11047772825884160119

443 Spaninq the Sneak (level 6, 0/28 HPs)
             Began as a Spriggan Enchanter on July 29, 2021.
             Was a Believer of Elyvilon.
             Slain by an acid dragon (12 damage)
             ... on level 4 of the Dungeon.
             The game lasted 00:15:46 (5636 turns).

Spaninq the Sneak (Spriggan Enchanter)              Turns: 5636, Time: 00:15:46

Health: 0/28       AC: -1    Str:  4    XL:     6   Next: 71%
Magic:  7/13       EV: 19    Int: 17    God:    Elyvilon [**....]
Gold:   165        SH:  0    Dex: 17    Spells: 7/13 levels left

rFire   . . .      SeeInvis +   g - +1 short sword (venom)
rCold   . . .      Faith    .   (shield restricted)
rNeg    . . .      Spirit   .   b - +0 robe
rPois   .          Reflect  .   (helmet restricted)
rElec   .          Harm     .   h - +0 cloak
rCorr   .          Rampage  .   (gloves unavailable)
Will    +....                   (boots unavailable)
Stlth   ++++......              (no amulet)
HPRegen 0.09/turn               (no ring)
MPRegen 0.13/turn               (no ring)

@: corroded, very quick
A: very small, no large weapons, unfitting armour, see invisible, speed 3
a: Renounce Religion, Lesser Healing, Heal Other, Divine Protection


You were on level 4 of the Dungeon.
You worshipped Elyvilon.
Elyvilon was pleased with you.
You visited 1 branch of the dungeon, and saw 4 of its levels.

You collected 165 gold pieces.

Inventory:

Hand Weapons
 a - a +1 dagger
 g - a +1 short sword of venom (weapon)
Armour
 b - a +0 robe (worn)
 h - a +0 cloak (worn)
Wands
 l - a wand of polymorph (10)
Scrolls
 c - a scroll of silence {unknown}
 d - 4 scrolls of identify {unknown}
 f - 3 scrolls of enchant armour {unknown}
 j - a scroll of noise {unknown}
 m - a scroll of fear {unknown}
 n - a scroll of amnesia {unknown}
 o - a scroll of fog {unknown}
Potions
 e - a potion of mutation {unknown}
 i - a potion of curing
 k - a potion of heal wounds {unknown}
 p - 2 potions of lignification {unknown}
 q - a potion of degeneration {unknown}


   Skills:
 * Level 4.2 Short Blades
 + Level 4.3 Dodging
 * Level 7.3 Stealth
 + Level 4.1 Spellcasting
 + Level 4.7 Hexes


You had 7 spell levels left.
You knew the following spells:

 Your Spells              Type           Power      Damage    Failure   Level
a - Corona                Hex            21%        N/A       2%          1
b - Ensorcelled Hibernat  Hex/Ice        22%        N/A       9%          2
c - Confusing Touch       Hex            19%        N/A       7%          3

Your spell library contained the following spells:

 Spells                   Type           Power      Damage    Failure   Level
 Tukima's Dance           Hex            19%        N/A       7%          3
 Dazzling Flash           Conj/Hex       22%        N/A       19%         3


Dungeon Overview and Level Annotations

Branches:
Dungeon (4/15)
 Temple: D:4-7

Altars:
Elyvilon
Okawaru
Yredelemnul

Annotations:
D:3 3 runed translucent doors, pkoi's ghost, weakling MiGl
D:4 2 runed translucent doors, Pikel; TheBeaver's ghost, weakling DrMo


Innate Abilities, Weirdness & Mutations

You are very small and have problems with some larger weapons.
You are too small for most types of armour.
You have supernaturally acute eyesight. (SInv)
You cover ground extremely quickly. (Speed+++)


Message History

HP restored.
You climb downwards.
Level annotation: 1 runed translucent door, Pikel
There is a stone staircase leading up here.
You see here a +0 club.
An acid dragon comes into view.
Found a runed translucent door.
An adder comes into view.
The helpless adder fails to defend itself.
You impale the adder!!
You kill the adder!
Found a fuming pink potion.
An endoplasm comes into view.
The endoplasm moves out of view.
The acid dragon closely misses you. x2
You hit the acid dragon but do no damage.
The acid dragon spits acid at you. The splash of acid hits you!
The acid corrodes you!
You are splashed with acid!
Casting: Ensorcelled Hibernation (safe; 9% risk of failure)
Confirm with . or Enter, or press ? or * to list all spells.
Aiming: Ensorcelled Hibernation (safe; 9% risk of failure)
Press: ? - help, Shift-Dir - straight line, f - acid dragon
Aim: an acid dragon (catching its breath, chance to affect: 42%)
The acid dragon resists with some effort.
The acid dragon misses you. The acid dragon closely misses you.
Casting: Ensorcelled Hibernation (safe; 9% risk of failure)
Confirm with . or Enter, or press ? or * to list all spells.
Aiming: Ensorcelled Hibernation (safe; 9% risk of failure)
Press: ? - help, Shift-Dir - straight line, f/p - acid dragon
Aim: an acid dragon (catching its breath, chance to affect: 42%)
The acid dragon resists with some effort.
The acid dragon closely misses you. The acid dragon barely misses you.
Casting: Ensorcelled Hibernation (safe; 9% risk of failure)
Confirm with . or Enter, or press ? or * to list all spells.
Aiming: Ensorcelled Hibernation (safe; 9% risk of failure)
Press: ? - help, Shift-Dir - straight line, f/p - acid dragon
Aim: an acid dragon (chance to affect: 42%)
The acid dragon resists with some effort.
The acid dragon bites you!
You die...

#...........## #
##........##..## #.
#.........##...#
.####..####...####..
......##.....####.#
#............#...#
#......#..<).....#
#......#####.....#
#@.#...###.#......
#..D.###...##.......#
#.##......###)##....#
.......##+####.###....
...
.#...#≈≈≈#.....#....
.. #..##≈≈≈#..........
. ##.##≈≈≈#........#.
#..#≈≈≈#.[......#.
#≈Wr#..........


You could see an acid dragon.

Vanquished Creatures
  Edmund (D:4)
  2 lemures (D:4)
  Ijyb (D:3)
  Natasha (thrice) (D:3)
  Terence (D:3)
  Robin (D:3)
  3 gnolls (D:2)
  7 adders
  A worm (D:3)
  A dart slug (D:1)
  4 bats
  6 endoplasms
  5 giant cockroaches
  17 goblins
  8 hobgoblins
  8 jackals
  6 kobolds
  3 quokkas (D:1)
  6 ball pythons
  4 frilled lizards
  10 rats
  A spectral orc (D:3)
99 creatures vanquished.

Vanquished Creatures (others)
  2 fungi (D:3)
  2 plants (D:3)
4 creatures vanquished.

Grand Total: 103 creatures vanquished

Notes
Turn   | Place    | Note
-------+----------+-------------------------------------------
     0 | D:1      | Spaninq the Spriggan Enchanter began the quest for the Orb.
     0 | D:1      | Reached XP level 1. HP: 9/9 MP: 5/5
   365 | D:1      | Reached XP level 2. HP: 4/13 MP: 4/6
   490 | D:1      | Learned a level 2 spell: Ensorcelled Hibernation
   665 | D:1      | Found a faded altar of an unknown god.
   982 | D:1      | Became a worshipper of Elyvilon the Healer
   982 | D:1      | Reached * piety under Elyvilon
  1246 | D:1      | Reached skill level 5 in Stealth
  1390 | D:1      | Reached XP level 3. HP: 16/16 MP: 8/8
  2190 | D:2      | Found a basalt altar of Yredelemnul.
  2699 | D:2      | Reached XP level 4. HP: 21/21 MP: 9/9
  2761 | D:2      | Reached ** piety under Elyvilon
  3200 | D:3      | Noticed Robin
  3244 | D:3      | Found a runed translucent gate.
  3245 | D:3      | Found a runed translucent gate.
  3246 | D:3      | Found a runed translucent gate.
  3247 | D:3      | Noticed pkoi's ghost (weakling MiGl)
  3250 | D:3      | Noticed a kobold brigand
  3272 | D:3      | Noticed Terence
  3279 | D:3      | Killed Terence
  3280 | D:3      | Reached skill level 6 in Stealth
  3280 | D:3      | Reached XP level 5. HP: 24/24 MP: 5/11
  3676 | D:3      | Noticed Ijyb
  3721 | D:3      | Killed Ijyb
  3998 | D:3      | Noticed Natasha
  4006 | D:3      | Killed Natasha
  4135 | D:3      | Found a basalt altar of Yredelemnul.
  4143 | D:3      | Learned a level 3 spell: Confusing Touch
  4327 | D:3      | Noticed Natasha
  4349 | D:3      | Killed Natasha
  4350 | D:3      | Reached XP level 6. HP: 28/28 MP: 7/12
  4406 | D:3      | Killed Robin
  4500 | D:3      | Found an iron altar of Okawaru.
  4766 | D:3      | Noticed Natasha
  4782 | D:3      | Killed Natasha
  4999 | D:4      | Noticed Edmund
  5042 | D:4      | Found a runed translucent door.
  5323 | D:4      | Killed Edmund
  5324 | D:4      | Reached skill level 7 in Stealth
  5435 | D:4      | Noticed Pikel
  5623 | D:4      | Found a runed translucent door.
  5623 | D:4      | Noticed an acid dragon
  5628 | D:4      | Noticed TheBeaver's ghost (weakling DrMo)
  5636 | D:4      | Slain by an acid dragon

Illustrated notes

Levels and vault maps discovered:
D:1:      lemuel_arrival_lava_pool, layout_loops_ring,
          hellmonk_ecumenical_altar_arch_garden
D:2:      layout_loops_cross, basic_altar
D:3:      wad_crossroads, layout_basic, yredelemnul_forgotten_temple_becter,
          mainiacjoe_overflow_boulevard, gammafunk_ghost_nasty_kobolds,
          uniq_natasha, uniq_terence, uniq_robin, uniq_ijyb
D:4:      layout_cave_pools, evilmike_ruin_ashenzari, marbit_many_paths,
          ebering_ghost_sewer_f, uniq_pikel, uniq_edmund

Skill      XL: |  1  2  3  4  5  6 |
---------------+-------------------+-----
Short Blades   | 2 3 4 |  4.2
Stealth        | 5 6 7 |  7.3
Spellcasting   | 3 4 |  4.1
Dodging        | 3 4 |  4.3
Hexes          | 4 |  4.7

Action                   |  1- 3 |  4- 6 || total
-------------------------+-------+-------++-------
Melee: Dagger            |    63 |       ||    63
       Short sword       |    14 |   137 ||   151
       Unarmed           |       |     6 ||     6
 Cast: Corona            |     5 |       ||     5
       Ensorcelled Hiber |    43 |    46 ||    89
       Confusing Touch   |       |     3 ||     3
 Stab: Sleeping          |    33 |    23 ||    56
       Distracted        |       |     2 ||     2
       Confused          |       |     7 ||     7
Armor: Robe              |     3 |    16 ||    19
       Skin              |       |     1 ||     1
Dodge: Dodged            |    44 |    96 ||   140

Table legend: (Time is in decaauts)
 A = Elapsed time spent in this place.
 B = Non-inter-level travel time spent in this place.
 C = Inter-level travel time spent in this place.
 D = Time resting spent in this place.
 E = Time spent auto-exploring this place.
 F = Levels seen in this place.
 G = Mean time per level.
                   A        B        C        D        E       F      G
               +--------+--------+--------+--------+--------+-----+--------+
         Total |   4589 |   4495 |     94 |   2201 |   1257 |   4 | 1147.2 |
       Dungeon |   4589 |   4495 |     94 |   2201 |   1257 |   4 | 1147.2 |
               +--------+--------+--------+--------+--------+-----+--------+

Top non-repeatable levels by time:
     D:1: 1900 daAuts
     D:3: 1706 daAuts
     D:2: 748 daAuts
     D:4: 234 daAuts
